SA
PUT-IN-BAY BC @ DELAWARE 1787 BC
05/03/2031
 
TOP OF THE 1ST
Put-In-Bay BC batting - Pitching for Delaware 1787 BC : LHP Joaquín Pérez
Pitching: LHP Joaquín Pérez
Batting: RHB Adam Khan 0-0: Ball
1-0: Called Strike
1-1: Foul Ball, location: 2F
1-2: Fly out, F8 (Flyball, 78D)
Batting: RHB Steve Albright 0-0: Foul Ball, location: 2F
0-1: Ball
1-1: Fly out, F7 (Flyball, 7LMF)
Batting: RHB Steven Rohrs 0-0: Ball
1-0: Ball
2-0: Ball
3-0: Base on Balls
Batting: SHB Yushua Harith 0-0: Foul Ball, location: 2F
0-1: Called Strike
0-2: Ball
1-2: Ground out 5-3 (Groundball, 56S)
Top of the 1st over - 0 runs, 0 hits, 0 errors, 1 left on base; Put-In-Bay 0 - Delaware 0
BOTTOM OF THE 1ST
Delaware 1787 BC batting - Pitching for Put-In-Bay BC : RHP Eric Alderliesten
Pitching: RHP Eric Alderliesten
Batting: LHB Xuan-ling Liao 0-0: Foul Ball, location: 2F
0-1: Ground out 4-3 (Groundball, 4S)
Batting: LHB Hai-feng Tang 0-0: Fly out, F6 (Popup, 6D)
Batting: RHB Jeff Quesenberry 0-0: SINGLE (Line Drive, 56)
Batting: LHB Bryce Abood 0-0: Called Strike
0-1: Swinging Strike
0-2: Strikes out swinging
Bottom of the 1st over - 0 runs, 1 hit, 0 errors, 1 left on base; Put-In-Bay 0 - Delaware 0
TOP OF THE 2ND
Put-In-Bay BC batting - Pitching for Delaware 1787 BC : LHP Joaquín Pérez
Batting: RHB Oscar McMillan 0-0: Ball
1-0: Ball
2-0: Ball
3-0: Base on Balls
Batting: RHB Jorge Alvarado 0-0: Foul Ball, location: 2F
0-1: Ball
1-1: Called Strike
1-2: Foul Ball, location: 2F
1-2: Ball
2-2: Ball
3-2: Strikes out swinging
Batting: RHB Al Grant 0-0: Ball
1-0: Ball
2-0: DOUBLE (Line Drive, 7D)
Oscar McMillan to third
Batting: RHB Álex Maroto 0-0: DOUBLE (Line Drive, 89S)
Oscar McMillan scores
Al Grant scores
Batting: RHB Vic Funnell 0-0: Swinging Strike
0-1: Foul Ball, location: 2F
0-2: Strikes out looking
Batting: RHB Adam Khan 0-0: Foul Ball, location: 2F
0-1: Ball
1-1: Ground out 4-3 (Groundball, 4)
Top of the 2nd over - 2 runs, 2 hits, 0 errors, 1 left on base; Put-In-Bay 2 - Delaware 0
BOTTOM OF THE 2ND
Delaware 1787 BC batting - Pitching for Put-In-Bay BC : RHP Eric Alderliesten
Batting: RHB Darryl Reed 0-0: Swinging Strike
0-1: Ball
1-1: Called Strike
1-2: Fly out, F6 (Popup, 4M)
Batting: LHB Todd Bonzalez 0-0: Fly out, F7 (Flyball, 7S)
Batting: RHB Kendrick Drumgoole 0-0: Called Strike
0-1: Ball
1-1: Ground out 5-3 (Groundball, 56)
Bottom of the 2nd over - 0 runs, 0 hits, 0 errors, 0 left on base; Put-In-Bay 2 - Delaware 0
TOP OF THE 3RD
Put-In-Bay BC batting - Pitching for Delaware 1787 BC : LHP Joaquín Pérez
Batting: RHB Steve Albright 0-0: Called Strike
0-1: Ball
1-1: Called Strike
1-2: Ball
2-2: Ball
3-2: Strikes out looking
Batting: RHB Steven Rohrs 0-0: Fly out, F3 (Flyball, 3D)
Batting: SHB Yushua Harith 0-0: Ball
1-0: Fly out, F9 (Flyball, 9D)
Top of the 3rd over - 0 runs, 0 hits, 0 errors, 0 left on base; Put-In-Bay 2 - Delaware 0
BOTTOM OF THE 3RD
Delaware 1787 BC batting - Pitching for Put-In-Bay BC : RHP Eric Alderliesten
Batting: RHB Carlos Mendoza 0-0: Ball
1-0: Ground out 6-3 (Groundball, 56)
Batting: RHB Gerold Olthof 0-0: Ball
1-0: Ball
2-0: Ball
3-0: Called Strike
3-1: Called Strike
3-2: Fly out, F6 (Popup, 6M)
Batting: LHB Xuan-ling Liao 0-0: Ball
1-0: Ball
2-0: Ball
3-0: Base on Balls
Batting: LHB Hai-feng Tang 0-0: Called Strike
0-1: Ball
1-1: DOUBLE (Line Drive, 7LS)
Xuan-ling Liao to third
Runner from 3rd tries for Home, SAFE, no throw
Batting: RHB Jeff Quesenberry 0-0: Ball
1-0: Ball
2-0: SINGLE (Line Drive, 89S)
Hai-feng Tang to third
Batting: LHB Bryce Abood 0-0: Ball
1-0: Ball
2-0: Called Strike
2-1: Called Strike
2-2: SINGLE (Line Drive, 4M)
Hai-feng Tang scores
Jeff Quesenberry to second
Runner from 2nd tries for 3rd, SAFE, no throw
Batting: RHB Darryl Reed 0-0: Ball
1-0: Foul Ball, location: 2F
1-1: Foul Ball, location: 2F
1-2: Strikes out swinging
Bottom of the 3rd over - 2 runs, 3 hits, 0 errors, 2 left on base; Put-In-Bay 2 - Delaware 2
TOP OF THE 4TH
Put-In-Bay BC batting - Pitching for Delaware 1787 BC : LHP Joaquín Pérez
Batting: RHB Oscar McMillan 0-0: Ball
1-0: Swinging Strike
1-1: Swinging Strike
1-2: Strikes out looking
Batting: RHB Jorge Alvarado 0-0: Swinging Strike
0-1: Foul Ball, location: 2F
0-2: Fly out, F8 (Flyball, 8LD)
Batting: RHB Al Grant 0-0: Called Strike
0-1: Foul Ball, location: 2F
0-2: Ball
1-2: SINGLE (Groundball, 6MD)
Batting: RHB Álex Maroto 0-0: Ball
1-0: Called Strike
1-1: Ground out U3 (Groundball, 34S)
Top of the 4th over - 0 runs, 1 hit, 0 errors, 1 left on base; Put-In-Bay 2 - Delaware 2
BOTTOM OF THE 4TH
Delaware 1787 BC batting - Pitching for Put-In-Bay BC : RHP Eric Alderliesten
Batting: LHB Todd Bonzalez 0-0: Foul Ball, location: 2F
0-1: SINGLE (Groundball, 34D)
Batting: RHB Kendrick Drumgoole 0-0: Foul Ball, location: 2F
0-1: Foul Ball, location: 2F
0-2: Foul Ball, location: 2F
0-2: Strikes out swinging
Batting: RHB Carlos Mendoza 0-0: Ball
1-0: Called Strike
1-1: Ball
2-1: Foul Ball, location: 2F
2-2: SINGLE (Line Drive, 6D)
Todd Bonzalez to second
Batting: RHB Gerold Olthof 0-0: Called Strike
0-1: Ball
1-1: Called Strike
1-2: Ball
2-2: Foul Ball, location: 2F
2-2: Ball
3-2: Base on Balls
Todd Bonzalez to third
Carlos Mendoza to second
Batting: LHB Xuan-ling Liao 0-0: Foul Ball, location: 2F
0-1: SINGLE (Flyball, 89S)
Todd Bonzalez scores
Carlos Mendoza to third
Gerold Olthof to second
Runner from 3rd tries for Home, SAFE, no throw
Batting: LHB Hai-feng Tang 0-0: Called Strike
0-1: Fly out, F7 (Flyball, 78M)
Batting: RHB Jeff Quesenberry 0-0: Ball
1-0: Ground out 3-1 (Groundball, 34S)
Bottom of the 4th over - 2 runs, 3 hits, 0 errors, 2 left on base; Put-In-Bay 2 - Delaware 4
TOP OF THE 5TH
Put-In-Bay BC batting - Pitching for Delaware 1787 BC : LHP Joaquín Pérez
Batting: RHB Vic Funnell 0-0: Swinging Strike
0-1: Fly out, F7 (Flyball, 7S)
Batting: RHB Adam Khan 0-0: Foul Ball, location: 2F
0-1: Foul Ball, location: 2F
0-2: Ball
1-2: SINGLE (Line Drive, 89M)
Batting: RHB Steve Albright 0-0: Ball
1-0: Foul Ball, location: 2F
1-1: Ball
2-1: Ball
3-1: Foul Ball, location: 2F
3-2: Base on Balls
Adam Khan to second
Batting: RHB Steven Rohrs 0-0: Called Strike
0-1: Called Strike
0-2: Ball
1-2: Foul Ball, location: 2F
1-2: Fielders Choice at 2nd, 6-4 (Groundball, 6M)
Adam Khan to third
Batting: SHB Yushua Harith 0-0: Called Strike
0-1: Ball
1-1: Called Strike
1-2: Foul Ball, location: 2F
1-2: Foul Ball, location: 2F
1-2: Foul Ball, location: 2F
1-2: Foul Ball, location: 2F
1-2: Strikes out swinging
Top of the 5th over - 0 runs, 1 hit, 0 errors, 2 left on base; Put-In-Bay 2 - Delaware 4
BOTTOM OF THE 5TH
Delaware 1787 BC batting - Pitching for Put-In-Bay BC : RHP Eric Alderliesten
Batting: LHB Bryce Abood 0-0: Ball
1-0: Ball
2-0: Foul Ball, location: 2F
2-1: Ball
3-1: Base on Balls
Batting: RHB Darryl Reed 0-0: Ball
1-0: Ball
2-0: Foul Ball, location: 2F
2-1: Foul Ball, location: 2F
2-2: Foul Ball, location: 2F
2-2: Foul Ball, location: 2F
2-2: Ball
3-2: Ground out 5-3 (Groundball, 56S)
Bryce Abood to second
Batting: LHB Todd Bonzalez 0-0: Called Strike
0-1: Swinging Strike
0-2: Ball
1-2: Strikes out swinging
Batting: RHB Kendrick Drumgoole 0-0: Ball
1-0: Ball
2-0: Foul Ball, location: 2F
2-1: Ball
3-1: Called Strike
3-2: Foul Ball, location: 2F
3-2: Strikes out swinging
Bottom of the 5th over - 0 runs, 0 hits, 0 errors, 1 left on base; Put-In-Bay 2 - Delaware 4
TOP OF THE 6TH
Put-In-Bay BC batting - Pitching for Delaware 1787 BC : LHP Joaquín Pérez
Batting: RHB Oscar McMillan 0-0: Called Strike
0-1: Swinging Strike
0-2: Foul Ball, location: 2F
0-2: Fly out, F7 (Flyball, 7S)
Batting: RHB Jorge Alvarado 0-0: Called Strike
0-1: Foul Ball, location: 2F
0-2: Ball
1-2: Fly out, F9 (Flyball, 9)
Batting: RHB Al Grant 0-0: Called Strike
0-1: Ball
1-1: Swinging Strike
1-2: Ball
2-2: Strikes out swinging
Top of the 6th over - 0 runs, 0 hits, 0 errors, 0 left on base; Put-In-Bay 2 - Delaware 4
BOTTOM OF THE 6TH
Delaware 1787 BC batting - Pitching for Put-In-Bay BC : RHP Eric Alderliesten
Batting: RHB Carlos Mendoza 0-0: Called Strike
0-1: Ball
1-1: Called Strike
1-2: Strikes out swinging
Batting: RHB Gerold Olthof 0-0: Foul Ball, location: 2F
0-1: Ball
1-1: Foul Ball, location: 2F
1-2: Ball
2-2: Strikes out swinging
Batting: LHB Xuan-ling Liao 0-0: SINGLE (Line Drive, 8RS)
Batting: LHB Hai-feng Tang 0-0: Called Strike
Xuan-ling Liao is caught stealing 2nd base
Bottom of the 6th over - 0 runs, 1 hit, 0 errors, 0 left on base; Put-In-Bay 2 - Delaware 4
TOP OF THE 7TH
Put-In-Bay BC batting - Pitching for Delaware 1787 BC : LHP Joaquín Pérez
Batting: RHB Álex Maroto 0-0: Swinging Strike
0-1: Ball
1-1: Fly out, F9 (Flyball, 89D)
Batting: RHB Vic Funnell 0-0: Ball
1-0: Called Strike
1-1: Foul Ball, location: 2F
1-2: Foul Ball, location: 2F
1-2: Ground out 4-3 (Groundball, 4)
Batting: RHB Adam Khan 0-0: Ball
1-0: Fly out, F8 (Flyball, 8LM)
Top of the 7th over - 0 runs, 0 hits, 0 errors, 0 left on base; Put-In-Bay 2 - Delaware 4
BOTTOM OF THE 7TH
Delaware 1787 BC batting - Pitching for Put-In-Bay BC : RHP Eric Alderliesten
Batting: LHB Hai-feng Tang 0-0: Ball
1-0: Ball
2-0: Called Strike
2-1: Foul Ball, location: 2F
2-2: Strikes out looking
Batting: RHB Jeff Quesenberry 0-0: Foul Ball, location: 2F
0-1: Ball
1-1: Ball
2-1: Ball
3-1: Base on Balls
Batting: LHB Bryce Abood 0-0: Called Strike
0-1: Ball
1-1: Fly out, F7 (Line Drive, 7)
Pitching: RHP Jorge Vega
Batting: RHB Darryl Reed 0-0: Ball
1-0: Ball
2-0: Ball
3-0: Called Strike
3-1: Foul Ball, location: 2F
3-2: Base on Balls
Jeff Quesenberry to second
Batting: LHB Todd Bonzalez 0-0: Swinging Strike
0-1: Swinging Strike
0-2: Ball
1-2: Strikes out swinging
Bottom of the 7th over - 0 runs, 0 hits, 0 errors, 2 left on base; Put-In-Bay 2 - Delaware 4
TOP OF THE 8TH
Put-In-Bay BC batting - Pitching for Delaware 1787 BC : LHP Joaquín Pérez
Batting: RHB Steve Albright 0-0: Foul Ball, location: 2F
0-1: SINGLE (Groundball, 6MD)
Pitching: RHP Alfredo Franco
Batting: RHB Steven Rohrs 0-0: Called Strike
0-1: Ball
1-1: Fly out, F9 (Line Drive, 9)
Batting: SHB Yushua Harith 0-0: Fly out, F7 (Flyball, 7LS)
Batting: RHB Oscar McMillan 0-0: Ball
1-0: Ball
2-0: Ball
3-0: Called Strike
3-1: Called Strike
3-2: Foul Ball, location: 2F
3-2: Foul Ball, location: 2F
3-2: Strikes out swinging
Top of the 8th over - 0 runs, 1 hit, 0 errors, 1 left on base; Put-In-Bay 2 - Delaware 4
BOTTOM OF THE 8TH
Delaware 1787 BC batting - Pitching for Put-In-Bay BC : RHP Jorge Vega
Batting: RHB Kendrick Drumgoole 0-0: Ground out 3-1 (Groundball, 34S)
Batting: RHB Carlos Mendoza 0-0: Ground out U3 (Groundball, 34)
Batting: RHB Gerold Olthof 0-0: Foul Ball, location: 2F
0-1: Called Strike
0-2: Ground out 5-3 (Groundball, 5L)
Bottom of the 8th over - 0 runs, 0 hits, 0 errors, 0 left on base; Put-In-Bay 2 - Delaware 4
TOP OF THE 9TH
Put-In-Bay BC batting - Pitching for Delaware 1787 BC : RHP Alfredo Franco
Pitching: RHP Amando Codes
Batting: RHB Jorge Alvarado 0-0: Ground out 6-3 (Groundball, 6)
Batting: RHB Al Grant 0-0: Called Strike
0-1: Ball
1-1: Called Strike
1-2: Strikes out swinging
Batting: RHB Álex Maroto 0-0: Ball
1-0: Swinging Strike
1-1: Ground out 4-3 (Groundball, 4)
Top of the 9th over - 0 runs, 0 hits, 0 errors, 0 left on base; Put-In-Bay 2 - Delaware 4
Tuesday, June 12th, 2018 - OOTP Baseball 18.8 Build 76